 Dungeon Crawl Stone Soup version 0.24.0-41-g2ae2f7f1be (webtiles) character file.

Game seed: 206025448560663174, levelgen mode: deterministic

196 Goreval the Digger (level 5, 0/30 HPs)
             Began as a Gargoyle Earth Elementalist on Dec 12, 2019.
             Slain by a mummy (4 damage)
             ... in an ossuary on Dec 13, 2019.
             The game lasted 00:10:43 (3436 turns).

Goreval the Digger (Gargoyle Earth Elementalist)    Turns: 3436, Time: 00:10:44

Health: 0/30       AC:  8    Str: 11    XL:     5   Next: 74%
Magic:  6/9        EV: 12    Int: 17    God:
Gold:   188        SH:  0    Dex: 10    Spells: 1/10 levels left

rFire    . . .     SeeInvis .   j - +0 dagger (speed)
rCold    . . .     Gourm    .   (no shield)
rNeg     + . .     Faith    .   c - +0 robe
rPois    ∞         Spirit   .   p - +0 helmet
rElec    +         Reflect  .   (no cloak)
rCorr    .         Harm     .   (no gloves)
MR       .....                  f - +0 pair of boots
Stlth    ++........             i - amulet of the acrobat
HPRegen  0.10/turn              (no ring)
MPRegen  0.11/turn              (no ring)

@: no status effects
A: negative energy resistance 1, electricity resistance, unbreathing,
petrification resistance, rot immunity, AC +4
a: no special abilities


You were in an ossuary.
You were not hungry.

You visited 1 branch of the dungeon, and saw 5 of its levels.
You also visited: Ossuary.

You collected 188 gold pieces.

Inventory:

Hand Weapons
 j - a +0 dagger of speed (weapon)
Missiles
 b - 29 stones (quivered)
 h - 7 atropa-tipped darts
Armour
 c - a +0 robe (worn)
 f - a +0 pair of boots (worn)
 p - a +0 helmet (worn)
Jewellery
 i - an amulet of the acrobat (around neck)
Scrolls
 l - a scroll of identify
 m - a scroll of fear
 o - a scroll of immolation {unknown}
 t - a scroll of remove curse {unknown}
Potions
 e - 5 potions of curing
 k - a potion of heal wounds {unknown}
 n - a potion of ambrosia
 q - a potion of magic
 r - 3 potions of might
 s - a potion of brilliance {unknown}
Comestibles
 d - 9 rations


   Skills:
 + Level 1.6 Fighting
 - Level 1.5 Dodging
 - Level 2.1 Stealth
 + Level 3.2 Spellcasting
   Level 0.7 Transmutations
 * Level 6.2 Earth Magic


You had one spell level left.
You knew the following spells:

 Your Spells              Type           Power        Failure   Level  Hunger
a - Sandblast             Erth           ###...       1%          1    None
b - Stone Arrow           Conj/Erth      ##....       14%         3    ###....
c - Lee's Rapid Deconstr  Erth           ###.......   36%         5    ######.

Your spell library contained the following spells:

 Spells                   Type           Power        Failure   Level  Hunger
 Beastly Appendage        Tmut           #.....       13%         1    None
 Passwall                 Tmut/Erth      ##......     6%          2    ##.....
 Sticks to Snakes         Tmut           #.......     19%         2    ##.....
 Petrify                  Tmut/Erth      ##......     38%         4    ####...
 Spider Form              Tmut/Pois      #.........   41%         3    ###....
 Ice Form                 Ice/Tmut       #.......     82%         4    ####...
 Blade Hands              Tmut           #.........   98%         5    ######.


Dungeon Overview and Level Annotations

Branches:
Dungeon (5/15)            Ossuary (1/1)
 Temple: D:4-7

Altars:
Xom

Annotations:
D:4 3 runed translucent doors, FishyPogo's ghost, amateur GnSk


Innate Abilities, Weirdness & Mutations

You are resistant to torment.
Your stone body is resilient. (AC +4)
You are immune to poison.
You resist negative energy. (rN+)
You are resistant to electric shocks. (rElec)
You can survive without breathing.
You are immune to petrification.
You are immune to rotting.


Message History

The blast of sand hits the mummy!
b - 31 stones The mummy barely misses you.
Aim: a mummy (severely damaged)
The blast of sand hits the mummy.
b - 30 stones The mummy hits you!
* * * LOW HITPOINT WARNING * * *
The mummy closely misses you.
Aim: a mummy (almost destroyed)
The blast of sand hits the mummy.
You destroy the mummy!
b - 29 stones The mummy misses you.
The mummy completely misses you.
There is an empty arch of ancient stone here.
The mummy misses you.
There is a gate leading back out of this place here.
The mummy hits you.
You die...

#....#
#....#
#....#
#....#
#....#
#....#
#....#
#.ZM.#
#.@M.#
######


You could see 2 mummies and an orc zombie.

Vanquished Creatures
  Jessica (D:2)
  An iguana (D:2)
  A mummy (Ossuary)
  Robin (D:3)
  2 adders
  An adder skeleton (D:4)
  A worm (D:3)
  A dart slug (D:1)
  2 orcs
  6 bats
  4 giant cockroaches
  22 goblins
  4 hobgoblins
  14 jackals
  8 kobolds
  2 quokkas (D:2)
  8 frilled lizards
  A hobgoblin zombie (Ossuary)
  3 orc zombies (Ossuary)
  5 rats
88 creatures vanquished.

Vanquished Creatures (others)
  A centaur skeleton (D:5)
  An orc (D:5)
2 creatures vanquished.

Grand Total: 90 creatures vanquished

Notes
Turn   | Place    | Note
-------+----------+-------------------------------------------
     0 | D:1      | Goreval the Gargoyle Earth Elementalist began the quest for
                  | the Orb.
     0 | D:1      | Reached XP level 1. HP: 10/10 MP: 3/3
    58 | D:1      | Reached skill level 4 in Earth Magic
   153 | D:1      | Reached XP level 2. HP: 15/15 MP: 3/5
   586 | D:1      | Reached XP level 3. HP: 19/19 MP: 4/6
   592 | D:1      | Learned a level 3 spell: Stone Arrow
  1262 | D:2      | Noticed Jessica
  1265 | D:2      | Killed Jessica
  1265 | D:2      | Reached skill level 5 in Earth Magic
  1265 | D:2      | Reached XP level 4. HP: 24/24 MP: 5/8
  1374 | D:2      | Found a shimmering altar of Xom.
  1452 | D:2      | Found a shimmering altar of Xom.
  1452 | D:2      | Found a shimmering altar of Xom.
  1460 | D:2      | Found a shimmering altar of Xom.
  1866 | D:2      | Reached skill level 1 in Fighting
  2023 | D:2      | Reached XP level 5. HP: 28/29 MP: 9/9
  2153 | D:3      | Noticed Robin
  2348 | D:3      | Killed Robin
  2602 | D:3      | Learned a level 5 spell: Lee's Rapid Deconstruction
  2719 | D:3      | Reached skill level 6 in Earth Magic
  3193 | D:4      | Noticed FishyPogo's ghost (amateur GnSk)
  3202 | D:4      | Found a runed translucent gate.
  3202 | D:4      | Found a runed translucent gate.
  3204 | D:4      | Found a runed translucent gate.
  3328 | D:5      | Entered Level 5 of the Dungeon
  3376 | D:5      | Found a sand-covered staircase.
  3381 | Ossuary  | Entered an ossuary
  3436 | Ossuary  | Slain by a mummy

Levels and vault maps discovered:
D:1:      dpeg_arrival_fog, layout_basic
D:2:      layout_basic, st_stairs_13, xom_redecorated, uniq_jessica
D:3:      layout_rooms, minmay_misc_feat_x, uniq_robin
D:4:      layout_gridville, fiery_altar_vehumet, gammafunk_ghost_split,
          serial_shops, shop_statue, first_ration
D:5:      layout_rooms, enter_ossuary_2, lemuel_flamethrower_2, uniq_edmund
Ossuary:  ossuary_tomb_3

Skill      XL: |  1  2  3  4  5 |
---------------+----------------+-----
Earth Magic    | 4 5 6 |  6.2
Spellcasting   | 3 |  3.2
Fighting       | 1 |  1.6
Dodging        | |  1.5
Stealth        | |  2.1
Transmutations | |  0.7

Action                   |  1- 3 |  4- 6 || total
-------------------------+-------+-------++-------
Melee: Unarmed           |     5 |       ||     5
       Short sword       |     2 |       ||     2
       Dagger            |    35 |   246 ||   281
 Cast: Sandblast         |    25 |    36 ||    61
  Use: Scroll            |       |     6 ||     6
 Stab: Sleeping          |     1 |     3 ||     4
  Eat: Chunk             |     1 |     7 ||     8
Armor: Robe              |    12 |    62 ||    74
Dodge: Dodged            |    26 |   144 ||   170
